 Dungeon Crawl Stone Soup version 0.24.0-13-gcf9b3192b9 (webtiles) character file.

Game seed: 4221695001552621904, levelgen mode: deterministic

114 Aviak the Sneak (level 4, -1/40 HPs)
             Began as an Octopode Enchanter on Nov 9, 2019.
             Slain by a goblin
             ... wielding a +0 club
             ... led by Robin
              (2 damage)
             ... on level 2 of the Dungeon.
             The game lasted 00:01:36 (1587 turns).

Aviak the Sneak (Octopode Enchanter)                Turns: 1587, Time: 00:01:36

Health: -1/40      AC: 22    Str:  7    XL:     4   Next: 97%
Magic:  7/8        EV:  2    Int: 22    God:
Gold:   91         SH:  0    Dex: 13    Spells: 2/8 levels left

rFire    . . .     SeeInvis .   a - +1 dagger
rCold    . . .     Gourm    .   (no shield)
rNeg     + + +     Faith    .   (helmet currently unavailable)
rPois    +         Spirit   .   (no amulet)
rElec    .         Reflect  .   (no ring)
rCorr    .         Harm     .   (no ring)
MR       .....     NoTele   +   (no ring)
Stlth    +++.......             (no ring)
HPRegen  0.13/turn              (no ring)
MPRegen  0.11/turn              (no ring)
                                (no ring)
                                (no ring)

@: brilliant, tree-form
A: almost no armour, stealthy swim, (amphibious), 8 rings, (constrict 8)
a: no special abilities


You were on level 2 of the Dungeon.
You were not hungry.
You were a tree.
You visited 1 branch of the dungeon, and saw 2 of its levels.

You collected 91 gold pieces.

Inventory:

Hand Weapons
 a - a +1 dagger (weapon)
Jewellery
 d - an uncursed ring of resist corrosion {unknown}
Scrolls
 b - 2 scrolls of blinking {unknown}
 e - a scroll of noise {unknown}
 f - 2 scrolls of identify {unknown}
 i - a scroll of random uselessness {unknown}
Potions
 h - a potion of invisibility {unknown}
 j - a potion of might {unknown}
Comestibles
 c - a ration


   Skills:
 + Level 2.1 Short Blades
 + Level 2.7 Dodging
 + Level 4.9 Stealth
 + Level 2.6 Spellcasting
 + Level 3.6 Hexes


You had 2 spell levels left.
You knew the following spells:

 Your Spells              Type           Power        Failure   Level  Hunger
a - Corona                Hex            ####...      1%          1    None
b - Ensorcelled Hibernat  Hex/Ice        ###...       1%          2    ##.....
c - Confuse               Hex            ####....     1%          3    ###....

Your spell library contained the following spells:

 Spells                   Type           Power        Failure   Level  Hunger
 Tukima's Dance           Hex            ####....     1%          3    ###....
 Dazzling Spray           Conj/Hex       ###...       2%          3    ###....


Dungeon Overview and Level Annotations

Branches:
Dungeon (2/15)

Altars:
Nemelex Xobeh

Annotations:
D:2 Robin


Innate Abilities, Weirdness & Mutations

You cannot wear most types of armour.
You are very stealthy in the water. (Stealth+)
((You are amphibious.))
You can wear up to eight rings at the same time.
((You can use your tentacles to constrict eight enemies at once.))
((Your skin changes colour to match your surroundings (Stealth+).))
((Your rubbery body absorbs attacks. (AC +1, EV +1)))


Message History

The goblin hits you with a +0 dagger.
* * * LOW HITPOINT WARNING * * *
The hobgoblin hits you but does no damage.
The goblin hits you but does no damage. The goblin hits you with a +0 club.
* * * LOW HITPOINT WARNING * * *
Unknown command.
It was a potion of brilliance.
You feel clever all of a sudden. Robin throws the goblin at you!
The goblin hits you but does no damage. The hobgoblin hits you.
* * * LOW HITPOINT WARNING * * *
The goblin hits you but does no damage.
The hobgoblin hits you but does no damage.
The goblin hits you but does no damage.
The goblin unwields a +0 hunting sling.
The goblin hits you but does no damage.
Unknown command.
Unknown command.
You aren't carrying any items that you can evoke.
You barely miss the goblin. The goblin hits you with a +0 club.
You die...

(.......... ..... ..#
....$.....####.........
.......................
g.....................
....................
#####g.................
#....ggg...............
#....g♣g...............
#....ggg.(.............
#.........)..).........
#........#.....###.....
#........#.....# #.....
#........#.....# #.....
##########.....# #.....
#.....# #..... #.....#
#.....


You could see Robin, 2 hobgoblins and 6 goblins.

Vanquished Creatures
  A centaur (D:2)
  4 bats
  3 giant cockroaches
  9 goblins
  2 hobgoblins
  4 jackals (D:1)
  4 frilled lizards
  4 kobolds
  5 rats
36 creatures vanquished.

Notes
Turn   | Place    | Note
-------+----------+-------------------------------------------
     0 | D:1      | Aviak the Octopode Enchanter began the quest for the Orb.
     0 | D:1      | Reached XP level 1. HP: 11/11 MP: 3/3
   339 | D:1      | Reached XP level 2. HP: 17/17 MP: 5/5
   348 | D:1      | Learned a level 2 spell: Ensorcelled Hibernation
   967 | D:1      | Reached XP level 3. HP: 21/21 MP: 6/6
  1273 | D:2      | Found a sparkling altar of Nemelex Xobeh.
  1275 | D:2      | Noticed a centaur
  1290 | D:2      | Killed a centaur
  1290 | D:2      | Reached XP level 4. HP: 20/27 MP: 3/7
  1401 | D:2      | Learned a level 3 spell: Confuse
  1576 | D:2      | Noticed Robin
  1586 | D:2      | HP: 1/40 [hobgoblin[Robin] (5)]
  1587 | D:2      | Slain by a goblin

Levels and vault maps discovered:
D:1:      tarquinn_simple_flora_water_c, layout_basic, serial_rivers,
          chequers_serial_rivers_marsh, chequers_serial_rivers_small_a,
          chequers_serial_rivers_small_3, chequers_serial_rivers_room_a,
          chequers_serial_rivers_small_b, chequers_serial_rivers_room_a
D:2:      layout_basic, nemelex_xobeh_ov_fountains_minmay,
          nicolae_ru_great_annihilating_truth, uniq_robin,
          uniq_crazy_yiuf_cottage

Skill      XL: |  1  2  3 |
---------------+----------+-----
Short Blades   | 2 |  2.1
Dodging        | |  2.7
Stealth        | |  4.9
Spellcasting   | |  2.6
Hexes          | |  3.6

Action                   |  1- 3 |  4- 6 || total
-------------------------+-------+-------++-------
Melee: Dagger            |    53 |    26 ||    79
       Constrict         |     8 |     4 ||    12
       Tentacles         |     4 |       ||     4
 Cast: Ensorcelled Hiber |     1 |       ||     1
  Use: Potion            |     1 |     2 ||     3
 Stab: Sleeping          |    12 |     2 ||    14
  Eat: Chunk             |     1 |     1 ||     2
Armor: Skin              |    23 |    24 ||    47
Dodge: Dodged            |    20 |    16 ||    36
